 Dungeon Crawl Stone Soup version 0.23.2-1-ga50397a (webtiles) character file.

Game seed: 14522552467315607959

135 Marlowe the Grave Robber (level 5, -1/29 HPs)
             Began as a Tengu Necromancer on May 13, 2019.
             Slain by an adder (5 damage)
             ... on level 3 of the Dungeon.
             The game lasted 00:06:03 (3172 turns).

Marlowe the Grave Robber (Tengu Necromancer)        Turns: 3172, Time: 00:06:04

Health: -1/29      AC:  2    Str:  8    XL:     5   Next: 18%
Magic:  10/10      EV: 13    Int: 16    God:
Gold:   124        SH:  0    Dex: 15    Spells: 6/10 levels left

rFire    . . .     SeeInvis .   m - +2 hunting sling (flame)
rCold    . . .     Gourm    .   (no shield)
rNeg     . . .     Faith    .   a - +0 robe
rPois    .         Spirit   .   (helmet restricted)
rElec    .         Reflect  .   (no cloak)
rCorr    .         Harm     .   (no gloves)
MR       .....                  (boots unavailable)
Stlth    ++........             (no amulet)
HPRegen  0.09/turn              (no ring)
MPRegen  0.12/turn              (no ring)

@: lethally poisoned (-1 -> -7)
A: beak, talons 3, able to fly
a: Fly


You were on level 3 of the Dungeon.
You were near starving.

You visited 1 branch of the dungeon, and saw 3 of its levels.

You collected 124 gold pieces.

Inventory:

Hand Weapons
 h - a +0 whip
 m - a +2 hunting sling of flaming (weapon)
Missiles
 n - 26 stones (quivered)
 p - 6 javelins of penetration
Armour
 a - a +0 robe (worn)
Jewellery
 s - an uncursed amulet of regeneration {unknown}
Scrolls
 d - 2 scrolls of fog {unknown}
 e - a scroll of immolation {unknown}
 f - a scroll of enchant weapon {unknown}
 i - a scroll of identify {unknown}
 k - a scroll of random uselessness {unknown}
 l - a scroll of magic mapping {unknown}
 o - a scroll of teleportation {unknown}
 r - a scroll of remove curse {unknown}
Potions
 g - a potion of flight {unknown}
 j - a potion of berserk rage {unknown}
 q - a potion of lignification {unknown}
 t - a potion of magic {unknown}
 u - a potion of heal wounds {unknown}
Comestibles
 c - 5 rations


   Skills:
 + Level 1.3 Fighting
 * Level 3.1 Dodging
 - Level 2.1 Stealth
 - Level 3.1 Spellcasting
 - Level 5.4 Necromancy


You had 6 spell levels left.
You knew the following spells:

 Your Spells              Type           Power        Failure   Level  Hunger
a - Pain                  Necr           ###.         1%          1    #......
b - Vampiric Draining     Necr           ###.......   6%          3    ###....

Your spell library contained the following spells:

 Spells                   Type           Power        Failure   Level  Hunger
 Animate Skeleton         Necr           N/A          1%          1    #......
 Regeneration             Chrm/Necr      ##........   19%         3    ###....
 Animate Dead             Necr           N/A          21%         4    #####..
 Blink                    Tloc           N/A          28%         2    ##.....
 Shroud of Golubria       Chrm/Tloc      #.........   28%         2    ##.....
 Gell's Gravitas          Tloc           #.........   50%         3    ###....
 Lesser Beckoning         Tloc           #.........   50%         3    ###....
 Teleport Other           Tloc           #.......     50%         3    ###....
 Passage of Golubria      Tloc           N/A          88%         4    #####..


Dungeon Overview and Level Annotations

Branches:
Dungeon (3/15)

Altars:
Gozag


Innate Abilities, Weirdness & Mutations

You have a beak for a mouth.
You have claws for feet.
You can fly continuously.


Message History

Press: ? - help, Shift-Dir - straight line, f/p - adder
Aim: an adder (heavily wounded)
You shoot a stone. The stone barely misses the adder.
You feel sick. The adder bites you.
* * * LOW HITPOINT WARNING * * *
The adder closely misses you.
Firing (i - inventory. (/) - cycle)
n - 28 stones (quivered)
Press: ? - help, Shift-Dir - straight line, f/p - adder
Aim: an adder (heavily wounded)
You shoot a stone. The stone barely misses the adder.
* * * LOW HITPOINT WARNING * * *
You feel sick. The adder bites you.
* * * LOW HITPOINT WARNING * * *
Firing (i - inventory. (/) - cycle)
n - 27 stones (quivered)
Press: ? - help, Shift-Dir - straight line, f/p - adder
Aim: an adder (heavily wounded)
You shoot a stone. The stone hits the adder.
The stone burns the adder.
The adder is almost dead.
The adder bites you.
You die...

. .. ... ....
..... #####
....(.##....#
()...)S@...#
...#####.###
.# ##


You could see an adder.

Vanquished Creatures
  2 adders (D:2)
  4 gnolls
  4 dart slugs
  A leopard gecko (D:2)
  3 bats
  4 giant cockroaches
  6 hobgoblins
  6 jackals (D:1)
  A quokka (D:2)
  A ball python (D:2)
  5 frilled lizards
  14 goblins
  7 kobolds
  10 rats
68 creatures vanquished.

Notes
Turn   | Place    | Note
-------+----------+-------------------------------------------
     0 | D:1      | Marlowe the Tengu Necromancer began the quest for the Orb.
     0 | D:1      | Reached XP level 1. HP: 10/10 MP: 4/4
   328 | D:1      | Reached XP level 2. HP: 5/15 MP: 3/6
  1207 | D:1      | Reached skill level 5 in Necromancy
  1207 | D:1      | Reached XP level 3. HP: 9/19 MP: 1/7
  2111 | D:2      | Reached XP level 4. HP: 24/24 MP: 9/9
  2353 | D:2      | Found an opulent altar of Gozag.
  2662 | D:2      | Learned a level 3 spell: Vampiric Draining
  2708 | D:2      | Reached skill level 1 in Fighting
  2708 | D:2      | Gained mutation: You can fly continuously. [Tengu growth]
  2708 | D:2      | Reached XP level 5. HP: 29/29 MP: 10/10
  3172 | D:3      | Slain by an adder

Skill      XL: |  1  2  3  4  5 |
---------------+----------------+-----
Necromancy     | 5 |  5.4
Spellcasting   | 3 |  3.1
Fighting       | 1 |  1.3
Dodging        | 3 |  3.1
Stealth        | |  2.1

Action                   |  1- 3 |  4- 6 || total
-------------------------+-------+-------++-------
 Fire: Hunting sling     |     8 |    82 ||    90
 Cast: Pain              |    66 |       ||    66
  Eat: Chunk             |     4 |     2 ||     6
Armor: Robe              |     1 |       ||     1
Dodge: Dodged            |     9 |    20 ||    29
